 Dungeon Crawl Stone Soup version 0.24-a0-67-ga78bd38 (webtiles) character file.

Game seed: 17733874808071811509

102 Kairos the Bolt Thrower (level 5, 0/39 HPs)
             Began as a Formicid Hunter on Feb 5, 2019.
             Killed from afar by Sigmund (7 damage)
             ... with a magic dart
             ... on level 2 of the Dungeon.
             The game lasted 00:05:17 (1333 turns).

Kairos the Bolt Thrower (Formicid Hunter)           Turns: 1333, Time: 00:05:18

Health: 0/39       AC:  6    Str: 17    XL:     5   Next: 5%
Magic:  5/5        EV: 10    Int: 11    God:
Gold:   53         SH:  0    Dex: 11    Spells: 4/4 levels left

rFire    . . .     SeeInvis +   i - +4 dagger
rCold    . . .     Gourm    +   (no shield)
rNeg     . . .     Faith    .   g - +0 scale mail
rPois    .         Spirit   .   (helmet unavailable)
rElec    .         Reflect  .   (no cloak)
rCorr    .         Harm     .   (no gloves)
MR       .....                  (no boots)
Stlth    ..........             l - amulet of the gourmand
HPRegen  0.13/turn              (no ring)
MPRegen  0.09/turn              (no ring)

@: no status effects
A: permanent stasis, dig shafts and tunnels, four strong arms, antennae 3
a: Dig, Shaft Self


You were on level 2 of the Dungeon.
You were not hungry.

You visited 1 branch of the dungeon, and saw 2 of its levels.

You collected 53 gold pieces.

Inventory:

Hand Weapons
 a - a +1 hand crossbow
 b - a +0 short sword
 e - a +0 dagger
 h - a +0 short sword
 i - a +4 dagger (weapon)
Missiles
 d - 7 bolts
Armour
 c - a +0 leather armour
 g - a +0 scale mail (worn)
Jewellery
 l - an amulet of the gourmand (around neck)
 n - an uncursed ring of ice
Scrolls
 k - a scroll of fog {unknown}
 m - a scroll of blinking {unknown}
 o - a scroll of remove curse {unknown}
 p - a scroll of amnesia {unknown}
Potions
 j - a potion of curing {unknown}
Comestibles
 f - 4 rations


   Skills:
 + Level 2.5 Fighting
 + Level 5.4 Crossbows
 + Level 1.2 Armour
 + Level 2.2 Dodging
 + Level 1.3 Stealth


You had 4 spell levels left.
You didn't know any spells.
Your spell library was empty.

Dungeon Overview and Level Annotations

Branches:
Dungeon (2/15)

Altars:

Annotations:
D:2 Sigmund


Innate Abilities, Weirdness & Mutations

You cannot be hasted, slowed, berserked, paralysed or teleported.
You can dig through walls and to a lower floor.
Your four strong arms can wield two-handed weapons with a shield.
You have a pair of large antennae on your head. (SInv)


Message History

You hit Sigmund.
Sigmund is heavily wounded.
You closely miss Sigmund.
Sigmund is heavily wounded.
Sigmund says, "Look into my eyes."
Sigmund barely misses you.
You're too confused to move!
You feel less confused. Sigmund misses you.
You closely miss Sigmund.
Sigmund is heavily wounded.
You hit Sigmund.
Sigmund is severely wounded.
Sigmund hits you with a +0 scythe.
* * * LOW HITPOINT WARNING * * *
You hit Sigmund.
Sigmund is severely wounded.
Sigmund casts a spell at you. The magic dart hits you!
You die...

#.......# #...# ....... #
####[#### #...# ....##
#.# #...# ..
#)########...# ###.##
#........##.## ... ..
####..#####.##.####.##.##
............##...........
#####..#...............##
#.†#.#(†..†@@.(....#
#....(..#...##.......
#..###.###..# ###..##
#..# #.# #..# ..# .....
..# #.... ..# #.#.###.#.
.....# .# #..#. #.
.......# #.# #. .......#
. ..


You could see Sigmund (invisible).

Vanquished Creatures
  Robin (D:1)
  An adder (D:2)
  An ooze (D:1)
  2 worms (D:2)
  A dart slug (D:1)
  A leopard gecko (D:1)
  3 giant cockroaches
  19 goblins
  8 hobgoblins
  8 jackals (D:2)
  2 kobolds
  5 bats
  4 frilled lizards
  5 rats
61 creatures vanquished.

Notes
Turn   | Place    | Note
-------+----------+-------------------------------------------
     0 | D:1      | Kairos the Formicid Hunter began the quest for the Orb.
     0 | D:1      | Reached XP level 1. HP: 16/16 MP: 1/1
    37 | D:1      | Reached XP level 2. HP: 4/22 MP: 2/2
    38 | D:1      | HP: 1/22 [hobgoblin/cursed +0 club (3)]
   406 | D:1      | Reached XP level 3. HP: 26/27 MP: 3/3
   840 | D:2      | Noticed Robin
   847 | D:1      | Killed Robin
   853 | D:1      | Reached XP level 4. HP: 25/34 MP: 4/4
   955 | D:2      | Reached skill level 5 in Crossbows
  1099 | D:2      | Reached skill level 1 in Armour
  1270 | D:2      | Reached XP level 5. HP: 32/39 MP: 5/5
  1300 | D:2      | Noticed Sigmund
  1333 | D:2      | Killed from afar by Sigmund

Vault maps used:
D:1:      roderic_crossed_star, minmay_tall_x
D:2:      minmay_cut_off, uniq_sigmund, uniq_robin

Skill      XL: |  1  2  3  4 |
---------------+-------------+-----
Dodging        | 2 |  2.2
Crossbows      | 5 |  5.4
Armour         | 1 |  1.2
Fighting       | |  2.5
Stealth        | |  1.3

Action                   |  1- 3 |  4- 6 || total
-------------------------+-------+-------++-------
Melee: Hand crossbow     |     4 |       ||     4
       Dagger            |    11 |    47 ||    58
 Fire: Hand crossbow     |    65 |    72 ||   137
  Eat: Chunk             |       |     5 ||     5
Armor: Leather armour    |     8 |       ||     8
       Scale mail        |    35 |    21 ||    56
Dodge: Dodged            |    50 |    26 ||    76

Table legend:
 A = Non-vault XP
 B = Vault XP
 C = Vault XP percentage of total XP
 D = Non-vault monster count
 E = Vault monster count
 F = Vault count percentage of total count
                 A         B        C        D         E       F
            +---------+---------+-------+---------+---------+-------
      Total |     104 |      42 |  28.8 |      45 |      16 |  26.2
            +---------+---------+-------+---------+---------+-------
        D:1 |      44 |      26 |  37.1 |      21 |       7 |  25.0
        D:2 |      60 |      16 |  21.1 |      24 |       9 |  27.3
            +---------+---------+-------+---------+---------+-------
